 Dungeon Crawl Stone Soup version 0.15-a0-970-ga23ad50 (webtiles) character file.

1985 Bloax the Covert (level 9, 0/42 HPs)
             Began as a Vine Stalker Gladiator on May 22, 2014.
             Was a Priest of Cheibriados.
             Slain by a porcupine (3 damage)
             ... on Level 8 of the Dungeon.
             The game lasted 00:11:56 (2310 turns).

Bloax the Covert (Vine Stalker Gladiator)           Turns: 2310, Time: 00:11:56

HP   0/42        AC  6     Str 24      XL: 9   Next: 21%
MP   0/22        EV 13     Int 14      God: Cheibriados [***...]
Gold 349         SH  0     Dex 27      Spells:  0 memorised, 18 levels left

rFire  . . .     SeeInvis .     a - +0 cutlass
rCold  + . .     Clarity  .     J - +0 leather armour
rNeg   . . .     Conserve .     (no shield)
rPois  .         rCorr    .     c - +0 helmet
rElec  .         rRot     +     H - +0 cloak
SustAb .         Spirit   +     (no gloves)
rMut   +         Warding  .     q - +0 pair of boots
Gourm  .         Stasis   .     K - amulet of resist mutation
MR     +....                    F - ring of protection from cold
                                m - +3 ring of dexterity

@: very slow, somewhat resistant to hostile enchantments, stealthy
A: fangs 3, regeneration 2, magic shield, antimagic bite, no device heal 2
a: Bend Time, Temporal Distortion, Renounce Religion


You were on level 8 of the Dungeon.
You worshipped Cheibriados.
Cheibriados was most pleased with you.
You were not hungry.

You visited 2 branches of the dungeon, and saw 9 of its levels.

You collected 349 gold pieces.


Innate Abilities, Weirdness & Mutations

You are immune to rotting.
You have razor-sharp teeth.
You heal very quickly.
When hurt, damage is shared between your health and your magic reserves.
Your bite disrupts and absorbs the magic of your enemies.
Potions and wands cannot restore your health.


   Skills:
 - Level 1.7 Fighting
 + Level 8.1 Short Blades
 - Level 1.7 Throwing
 - Level 2.4 Dodging
 + Level 8.3 Stealth
 - Level 5.0 Spellcasting


You had 18 spell levels left.
You didn't know any spells.

Dungeon Overview and Level Annotations

Branches:
Dungeon (8/15)             Temple (1/1) D:4
   Lair: D:8-11

Altars:
Ashenzari
Cheibriados
Dithmenos
Elyvilon
Fedhas
Gozag
Kikubaaqudgha
Nemelex Xobeh
Okawaru
Qazlal
Sif Muna
Vehumet

Inventory:

Hand weapons
 a - a +0,+0 cutlass (weapon)
 x - a +0 blowgun
   (You took it off a kobold on level 4 of the Dungeon)
Missiles
 d - 3 throwing nets (quivered)
 g - 6 javelins
 n - 8 curare-tipped needles
Armour
 c - a +0 helmet (worn)
 q - a +0 pair of boots (worn)
   (You found it on level 3 of the Dungeon)
 H - a +0 cloak (worn)
   (You found it on level 5 of the Dungeon)
 J - a +0 leather armour (worn)
   (You found it on level 6 of the Dungeon)
Magical devices
 s - a wand of confusion (13)
   (You found it on level 3 of the Dungeon)
 G - a wand of paralysis (10)
   (You found it on level 7 of the Dungeon)
 M - a wand of digging (18)
   (You found it on level 7 of the Dungeon)
Comestibles
 f - 3 bread rations
 z - a meat ration
 N - a chunk of quokka flesh {@*1}
Scrolls
 b - 2 scrolls of immolation {unknown}
 e - 4 scrolls of teleportation
 h - 6 scrolls of remove curse
 j - 5 scrolls of identify {unknown}
 l - 2 scrolls of random uselessness {unknown}
 o - a scroll of amnesia {unknown}
 p - 2 scrolls of fog {unknown}
 r - 2 scrolls of magic mapping {unknown}
 v - a scroll of blinking {unknown}
 w - 4 scrolls of noise {unknown}
 y - 2 scrolls of enchant armour {unknown}
 A - 2 scrolls of enchant weapon I {unknown}
 D - 3 scrolls of vulnerability {unknown}
 L - a scroll of fear {unknown}
Jewellery
 m - a +3 ring of dexterity (left hand)
   (You found it on level 2 of the Dungeon)
 F - a ring of protection from cold (right hand)
   (You found it on level 5 of the Dungeon)
 K - an amulet of resist mutation (around neck)
   (You found it on level 7 of the Dungeon)
Potions
 i - 2 potions of brilliance {unknown}
 k - 3 potions of curing
 t - a potion of haste {unknown}
 u - a potion of berserk rage {unknown}
 B - a potion of heal wounds {unknown}
 C - a potion of cure mutation {unknown}
 E - a potion of magic {unknown}
 I - 2 potions of poison {unknown}

#.......#.....
##.............
#.............P
##..............Y
#...#....w.......
#...........#...
##..........#... .
##......r....... ...
##.....@.#.##..
....####.#.......#..
......#...............#
.....#............#..#
.......................
.......................
......................
.............<........
.....................


You could see a giant slug and a porcupine.


Message History

You puncture the giant frog zombie! You bite the giant frog zombie.
You drain its power.
You destroy the giant frog zombie!
Cheibriados appreciates the change of pace.
The porcupine barely misses you. The rat bites you but does no damage.
The porcupine bites you.
A porcupine comes into view.
You are struck by the porcupine's spines.
You hit the porcupine but do no damage. You bite the porcupine!
You drain its power.
You feel invigorated.
The porcupine is severely wounded.
The rat completely misses you. The porcupine closely misses you.
You are struck by the porcupine's spines.
You hit the porcupine. You bite the porcupine. You drain its power.
You feel invigorated.
The porcupine is almost dead.
You feel sick. The porcupine bites you. The rat closely misses you.
You are struck by the porcupine's spines.
* * * LOW HITPOINT WARNING * * *
You barely miss the porcupine. You bite the porcupine. You drain its power.
You feel invigorated.
You kill the porcupine!
Cheibriados thoroughly appreciates the change of pace.
The rat bites you but does no damage.
You closely miss the rat. You hit the rat.
You kill the rat!
Cheibriados appreciates the change of pace.
The porcupine barely misses you. The porcupine bites you.
* * * LOW HITPOINT WARNING * * *
You closely miss the porcupine.
You bite the porcupine, but do no damage.
The porcupine closely misses you.
You are struck by the porcupine's spines.
* * * LOW HITPOINT WARNING * * *
You hit the porcupine.
You bite the porcupine, but do no damage.
The porcupine is lightly wounded.
The porcupine bites you but does no damage.
You are struck by the porcupine's spines.
* * * LOW HITPOINT WARNING * * *
You puncture the porcupine!
The porcupine is severely wounded.
You feel sick.
You are no longer poisoned.
The porcupine bites you but does no damage.
You are too injured to fight recklessly!
Unknown command.
You are struck by the porcupine's spines.
* * * LOW HITPOINT WARNING * * *
You hit the porcupine but do no damage.
The porcupine is severely wounded.
The porcupine bites you.
* * * LOW HITPOINT WARNING * * *
Unknown command.
Unknown command.
You are struck by the porcupine's spines.
* * * LOW HITPOINT WARNING * * *
You closely miss the porcupine.
The porcupine is severely wounded.
The porcupine bites you.
* * * LOW HITPOINT WARNING * * *
Unknown command.
Unknown command.
You are struck by the porcupine's spines.
* * * LOW HITPOINT WARNING * * *
You hit the porcupine.
The porcupine is severely wounded.
The porcupine bites you.
You die...

Action                   |  1- 3 |  4- 6 |  7- 9 || total
-------------------------+-------+-------+-------++-------
Melee: Cutlass           |    90 |   118 |   202 ||   410
 Fire: Blowgun           |       |     4 |       ||     4
Throw: Throwing net      |       |     1 |     2 ||     3
       Javelin           |       |       |     3 ||     3
Evoke: Wand              |       |     3 |     3 ||     6
  Use: Scroll            |     1 |     1 |     1 ||     3
       Potion            |       |     1 |       ||     1
 Stab: Held in net/web   |       |     2 |       ||     2
       Sleeping          |       |       |     2 ||     2
       Paralysed         |       |       |     1 ||     1

Vault maps used:
D:1:      ncdulo_lavacross
D:2:      lemuel_crystal_altar, nicolae_overflow_hidden_temple, first_bread
D:4:      minmay_temple_entry_purple_smoke, uniq_crazy_yiuf_cottage
D:5:      serial_bayou_pond_c, tgw_trog
D:7:      kennysheep_little_box, kennysheep_big_empty_room, uniq_prince_ribbit1
D:8:      minmay_lair_entry_grove
Temple:   circular_temple_12

Notes
Turn   | Place    | Note
--------------------------------------------------------------
     0 | D:1      | Bloax, the Vine Stalker Gladiator, began the quest for the Orb.
     0 | D:1      | Reached XP level 1. HP: 11/11 MP: 1/1
    53 | D:1      | Reached skill level 1 in Spellcasting
    75 | D:1      | Reached XP level 2. HP: 15/15 MP: 4/4
   255 | D:2      | Reached skill level 3 in Short Blades
   279 | D:2      | Reached XP level 3. HP: 9/18 MP: 6/6
   310 | D:2      | Found an iron altar of Okawaru.
   329 | D:2      | Found an opulent altar of Gozag.
   330 | D:2      | Found a stormy altar of Qazlal.
   331 | D:2      | Found an ancient bone altar of Kikubaaqudgha.
   370 | D:2      | Reached skill level 2 in Spellcasting
   532 | D:3      | Reached XP level 4. HP: 23/23 MP: 9/9
   817 | D:4      | Reached skill level 4 in Short Blades
   817 | D:4      | Reached skill level 3 in Spellcasting
   817 | D:4      | Reached XP level 5. HP: 21/26 MP: 10/13
   940 | D:4      | Found a staircase to the Ecumenical Temple.
   947 | Temple   | Entered the Ecumenical Temple
   959 | Temple   | Became a worshipper of Cheibriados the Contemplative
  1155 | D:5      | Entered Level 5 of the Dungeon
  1255 | D:5      | Reached skill level 4 in Spellcasting
  1255 | D:5      | Gained mutation: You heal very quickly. [vine stalker growth]
  1255 | D:5      | Reached XP level 6. HP: 12/30 MP: 6/17
  1272 | D:5      | Noticed an ice beast
  1278 | D:5      | Killed an ice beast
  1278 | D:5      | Reached skill level 5 in Short Blades
  1297 | D:5      | Noticed a sky beast
  1321 | D:5      | Killed a sky beast
  1321 | D:5      | Reached XP level 7. HP: 20/34 MP: 10/19
  1409 | D:5      | Reached skill level 5 in Spellcasting
  1448 | D:5      | Reached skill level 1 in Stealth
  1463 | D:6      | Noticed a centaur
  1470 | D:6      | Killed a centaur
  1470 | D:6      | Reached skill level 2 in Stealth
  1471 | D:6      | Noticed an ice beast
  1539 | D:6      | Noticed a centaur
  1546 | D:6      | Killed a centaur
  1574 | D:6      | Reached skill level 6 in Short Blades
  1574 | D:6      | Reached skill level 3 in Stealth
  1641 | D:6      | Noticed a centaur
  1657 | D:5      | Killed an ice beast
  1720 | D:6      | Reached skill level 4 in Stealth
  1720 | D:6      | Gained mutation: You have razor-sharp teeth. [vine stalker growth]
  1720 | D:6      | Reached XP level 8. HP: 33/38 MP: 21/21
  2012 | D:7      | Reached skill level 5 in Stealth
  2028 | D:7      | Found a white marble altar of Elyvilon.
  2052 | D:7      | Reached skill level 7 in Short Blades
  2094 | D:7      | Noticed Prince Ribbit
  2108 | D:7      | Killed Prince Ribbit
  2108 | D:7      | Reached skill level 6 in Stealth
  2202 | D:8      | Reached skill level 7 in Stealth
  2255 | D:8      | Killed a dagger mimic
  2255 | D:8      | Reached skill level 8 in Short Blades
  2255 | D:8      | Reached skill level 8 in Stealth
  2255 | D:8      | Reached XP level 9. HP: 23/42 MP: 22/22
  2293 | D:8      | Acquired Cheibriados' first power
  2307 | D:8      | HP: 10/42 [porcupine's spines (3)]
  2309 | D:8      | HP: 4/42 [porcupine (2)]
  2310 | D:8      | Slain by a porcupine

Vanquished Creatures
  An item mimic (D:8)
  Prince Ribbit (D:7)
  A porcupine (D:8)
  2 ice beasts (D:5)
  An orc warrior (D:7)
  A sky beast (D:5)
  An ogre (D:7)
  2 centaurs (D:6)
  A giant frog (D:7)
  A scorpion (D:7)
  2 crimson imps
  A hound (D:5)
  2 orc priests (D:5)
  A giant frog skeleton (D:7)
  A giant frog zombie (D:8)
  A jelly (D:6)
  5 orc wizards
  A worker ant (D:4)
  A sheep (D:8)
  A hound skeleton (D:4)
  8 adders
  2 giant mites
  A goliath beetle zombie (D:7)
  3 worms
  A gnoll skeleton (D:4)
  An orc skeleton (D:4)
  A giant gecko (D:3)
  15 orcs
  A giant cockroach (D:3)
  4 hobgoblins
  8 jackals
  4 quokkas
  6 ball pythons
  7 bats
  A giant cockroach zombie (D:5)
  4 giant newts
  2 giant spores
  9 goblins
  9 kobolds
  13 rats
  A rat zombie (D:8)
  3 ballistomycetes
132 creatures vanquished.

Vanquished Creatures (others)
  An orc (D:8)
  A plant (D:8)
2 creatures vanquished.

Grand Total: 134 creatures vanquished
